CAROLINA Hurricanes vs SAN JOSE Sharks

Created - 5 décembre 2018 at 16:09

Goals
1 2 3 OT1 T
CAROLINA Hurricanes 0 1 2 0 3
SAN JOSE Sharks 0 3 0 1 4
Shots
1 2 3 OT1 T
CAROLINA Hurricanes 6 10 10 6 32
SAN JOSE Sharks 17 8 9 1 35

1st period

No Goal

Penalties :
Brayden McNabb (SJS) for Holding (Minor) at 4:26, Kris Russell (CAR) for Tripping (Minor) at 6:46, Christian Djoos (SJS) for Tripping (Minor) at 12:40, Joe Morrow (CAR) for Roughing (Minor) at 14:53, Josh Gorges (SJS) for Diving (Minor) at 18:49

2nd period

1. CAROLINA Hurricanes , Nikita Soshnikov 6 (Kris Russell 9, Ryan Pulock 3) at 11:03
2. SAN JOSE Sharks , Radko Gudas 4 (Brayden McNabb 8, Josh Anderson 9) at 14:24 (PP)
3. SAN JOSE Sharks , Lauri Korpikoski 4 (Mason Raymond 2, Brayden McNabb 9) at 15:29
4. SAN JOSE Sharks , Chris Tierney 6 (Sven Baertschi 4, Mike Matheson 16) at 17:10

Penalties :
Ivan Provorov (CAR) for Charging (Minor) at 8:59, Toby Enstrom (CAR) for Roughing (Minor) at 13:51

3rd period

5. CAROLINA Hurricanes , Jujhar Khaira 6 (Alex Tuch 9, Ivan Provorov 16) at 8:19
6. CAROLINA Hurricanes , Dave Bolland 1 (Brock McGinn 9, Niklas Kronwall 18) at 11:13

Penalties :
Marcus Foligno (SJS) for Holding (Minor) at 13:34

Overtime #1

7. SAN JOSE Sharks , Nick Schmaltz 9 (Josh Anderson 10, Brayden McNabb 10) at 4:40

Penalties :
No Penalty

Goalie Stats

Anders Nilsson (CAR), 31 saves from 35 shots - (0,886), OTL, 1-7-1, 64:41 minutes
Jaroslav Halak (SJS), 29 saves from 32 shots - (0,906), W, 12-8-1, 64:41 minutes

Players Stats for CAROLINA Hurricanes

Player Name              G  A  P  +/- PIM S  H  SB GA TA FO     MP     PP MP  PK MP  
------------------------------------------------------------------------------------
Alex Tuch                0  1  1   0  0   2  0  0  0  0  0/0    18:02   0:27   0:00 
Andreas Athanasiou       0  0  0   0  0   3  0  0  0  0  19/38  24:51   2:59   0:22 
Brock McGinn             0  1  1   0  0   5  1  0  0  0  2/3    30:00   2:59   1:27 
Chris Terry              0  0  0   0  0   1  1  0  0  0  1/2    26:52   5:30   1:41 
Christian Ehrhoff        0  0  0   0  0   0  0  1  0  0  0/0     4:04   0:00   0:00 
Dave Bolland             1  0  1   1  0   2  1  0  0  0  7/14   12:11   0:00   0:55 
Evgeny Svechnikov        0  0  0   0  0   1  5  0  0  0  0/0    23:31   0:27   0:45 
Ivan Provorov            0  1  1  -1  2   3  2  3  0  0  0/0    27:20   4:53   2:33 
Jason Garrison           0  0  0   0  0   0  0  0  0  0  0/0     4:04   0:00   0:00 
Joe Morrow               0  0  0   0  2   0  0  0  0  0  0/0    10:28   0:00   0:32 
Jujhar Khaira            1  0  1   0  0   3  2  1  0  0  16/35  26:52   4:30   3:46 
Kris Russell             0  1  1   0  2   4  1  2  0  0  0/0    26:26   4:53   2:24 
Mark Stuart              0  0  0   0  0   0  1  0  0  0  0/0     9:41   0:27   0:00 
Nikita Soshnikov         1  0  1   0  0   3  0  0  0  0  1/3     9:04   4:30   4:04 
Niklas Kronwall          0  1  1   0  0   1  0  2  0  0  0/0    20:35   0:00   2:48 
Peter Holland            0  0  0   0  0   1  0  0  0  0  5/11   10:46   2:26   0:00 
Ryan Pulock              0  1  1   0  0   2  0  0  0  0  0/0     4:58   3:03   1:55 
Toby Enstrom             0  0  0   1  2   1  1  0  0  0  0/0    22:25   2:36   2:48 

Players Stats for SAN JOSE Sharks

Player Name              G  A  P  +/- PIM S  H  SB GA TA FO     MP     PP MP  PK MP  
------------------------------------------------------------------------------------
Brayden McNabb           0  3  3   1  2   6  4  0  0  0  0/0    22:00   4:00   3:07 
Chris Thorburn           0  0  0   0  0   0  0  0  0  0  0/0     8:09   0:00   0:00 
Chris Tierney            1  0  1   0  0   7  0  0  0  0  13/26  20:04   3:20   2:30 
Christian Djoos          0  0  0  -1  2   0  0  1  0  0  0/0    17:41   0:00   1:17 
Devin Shore              0  0  0   0  0   1  1  0  0  0  6/11   10:40   0:00   0:00 
Johan Franzen            0  0  0   0  0   0  1  0  0  0  1/3    12:25   0:00   0:00 
John Mitchell            0  0  0   0  0   1  0  0  0  0  11/15  11:29   3:20   0:00 
John Ramage              0  0  0   0  0   0  2  0  0  0  0/0    19:44   2:30   3:32 
Josh Anderson            0  2  2   0  0   2  1  0  0  0  8/21   25:48   3:10   5:26 
Josh Gorges              0  0  0   0  2   3  1  0  0  0  0/0    16:42   0:00   0:00 
Kyle Connor              0  0  0  -1  0   1  0  1  0  0  0/0    17:40   3:20   0:00 
Lauri Korpikoski         1  0  1   0  0   1  2  0  0  0  0/1    10:40   0:00   0:00 
Marcus Foligno           0  0  0   0  2   2  1  0  0  0  1/2    13:07   3:10   0:00 
Mason Raymond            0  1  1   0  0   0  2  0  0  0  1/2    13:10   0:00   2:30 
Mike Matheson            0  1  1  -1  0   3  1  1  0  0  0/0    24:40   2:30   3:32 
Nick Schmaltz            1  0  1   0  0   3  0  0  0  0  14/23  25:48   3:10   5:26 
Radko Gudas              1  0  1   1  0   3  6  2  0  0  0/0    28:32   4:00   4:24 
Sven Baertschi           0  1  1   0  0   2  0  0  0  0  0/2    12:25   0:00   0:00 

3 Stars

1 - Radko Gudas (SJS)
2 - Brayden McNabb (SJS)
3 - Lauri Korpikoski (SJS)

Power Play

CAROLINA Hurricanes - 0 on 4 Attempt(s) - 0,00%
SAN JOSE Sharks - 1 on 4 Attempt(s) - 25,00%

Penalty Kill

CAROLINA Hurricanes - 3 on 4 Attempt(s) - 75,00% - Score 0 goal in Penalty Kill
SAN JOSE Sharks - 4 on 4 Attempt(s) - 100,00% - Score 0 goal in Penalty Kill

Team Stat

CAROLINA Hurricanes - Hits : 15 - Faceoff Wins : 51 - Blocked Shots : 9 - Penalty Minutes : 8
SAN JOSE Sharks - Hits : 22 - Faceoff Wins : 55 - Blocked Shots : 5 - Penalty Minutes : 8

Official

Referees : Unknown
Linesman : Unknown

Game Notes

No Game Note

Finance

Level 1 -- Attendance: 4702 (78,37%) -- Ticket Income 470 200 $
Level 2 -- Attendance: 3926 (78,52%) -- Ticket Income 235 560 $
Level 3 -- Attendance: 2000 (100,00%) -- Ticket Income 70 000 $
Level 4 -- Attendance: 4000 (100,00%) -- Ticket Income 80 000 $
Luxury Box -- Attendance: 774 (77,40%) -- Ticket Income 154 800 $
Game was played at the SAP Center.
Total Attendance: 15402 (85,57%)
Total Ticket Income: 1 010 560 $
Other Income: 394 118 $
Total Income: 1 404 678 $

CAROLINA Hurricanes

5 vs 5 Forward 
   Center                   Left Wing                Right Wing               Time % Phy DF OF 
 1 Andreas Athanasiou       Brock McGinn             Evgeny Svechnikov        40     1   2  2  
 2 Jujhar Khaira            Chris Terry              Alex Tuch                30     1   2  2  
 3 Peter Holland            Evgeny Svechnikov        Chris Terry              20     1   2  2  
 4 Dave Bolland             Evgeny Svechnikov        Brock McGinn             10     1   2  2  

5 vs 5 Defense 
   Defense                  Defense                                           Time % Phy DF OF 
 1 Ivan Provorov            Kris Russell                                      40     1   2  2  
 2 Niklas Kronwall          Toby Enstrom                                      30     1   2  2  
 3 Mark Stuart              Joe Morrow                                        20     1   2  2  
 4 Jason Garrison           Christian Ehrhoff                                 10     1   2  2  

PowerPlay Forward 
   Center                   Left Wing                Right Wing               Time % Phy DF OF 
 1 Andreas Athanasiou       Brock McGinn             Chris Terry              60     1   2  2  
 2 Jujhar Khaira            Chris Terry              Nikita Soshnikov         40     1   2  2  

PowerPlay Defense
   Defense                  Defense                                           Time % Phy DF OF 
 1 Ivan Provorov            Kris Russell                                      60     1   2  2  
 2 Ryan Pulock              Toby Enstrom                                      40     1   2  2  

Penalty Kill 4 Players Forward 
   Center                   Wing                     Time % Phy DF OF 
 1 Jujhar Khaira            Nikita Soshnikov         60     1   2  2  
 2 Brock McGinn             Chris Terry              40     1   2  2  

Penalty Kill 4 Players Defense
   Defense                  Defense                  Time % Phy DF OF 
 1 Ivan Provorov            Kris Russell             60     1   2  2  
 2 Niklas Kronwall          Toby Enstrom             40     1   2  2  

Penalty Kill - 3 Players Forward 
   Forward                                           Time % Phy DF OF 
 1 Andreas Athanasiou                                60     1   2  2  
 2 Alex Tuch                                         40     1   2  2  

Penalty Kill - 3 Players Defense
   Defense                  Defense                  Time % Phy DF OF 
 1 Ivan Provorov            Niklas Kronwall          60     1   2  2  
 2 Kris Russell             Toby Enstrom             40     1   2  2  

4 vs 4 Forward 
   Center                   Wing                     Time % Phy DF OF 
 1 Andreas Athanasiou       Brock McGinn             60     1   2  2  
 2 Dave Bolland             Jujhar Khaira            40     1   2  2  

4 vs 4 Defense
   Defense                  Defense                  Time % Phy DF OF 
 1 Ivan Provorov            Niklas Kronwall          60     1   2  2  
 2 Kris Russell             Toby Enstrom             40     1   2  2  

Last Minutes Offensive
   Center                   Left Wing                Right Wing               Defense                  Defense                  
   Andreas Athanasiou       Brock McGinn             Alex Tuch                Ivan Provorov            Niklas Kronwall          

Last Minutes Defensive
   Center                   Left Wing                Right Wing               Defense                  Defense                  
   Andreas Athanasiou       Brock McGinn             Alex Tuch                Ivan Provorov            Niklas Kronwall          

Goaltenders
Starting : Anders Nilsson           
Backup : James Reimer             

Extra Forwards
Normal : Peter Holland, Evgeny Svechnikov, Dave Bolland - PP : Peter Holland, Evgeny Svechnikov - PK : Dave Bolland
Extra Defensemen
Normal : Mark Stuart, Ryan Pulock, Joe Morrow - PP : Mark Stuart - PK : Ryan Pulock, Joe Morrow
Penalty Shots
Andreas Athanasiou, Alex Tuch, Brock McGinn, Jujhar Khaira, Peter Holland

SAN JOSE Sharks

5 vs 5 Forward 
   Center                   Left Wing                Right Wing               Time % Phy DF OF 
 1 Nick Schmaltz            Kyle Connor              Josh Anderson            32     1   0  4  
 2 Chris Tierney            Sven Baertschi           Johan Franzen            28     1   3  1  
 3 Devin Shore              Mason Raymond            Lauri Korpikoski         25     1   2  2  
 4 John Mitchell            Marcus Foligno           Chris Thorburn           15     5   0  0  

5 vs 5 Defense 
   Defense                  Defense                                           Time % Phy DF OF 
 1 Josh Gorges              Radko Gudas                                       40     3   1  1  
 2 Mike Matheson            Christian Djoos                                   30     1   1  3  
 3 Brayden McNabb           John Ramage                                       20     1   2  2  
 4 Brayden McNabb           Radko Gudas                                       10     5   0  0  

PowerPlay Forward 
   Center                   Left Wing                Right Wing               Time % Phy DF OF 
 1 Nick Schmaltz            Josh Anderson            Marcus Foligno           52     0   0  5  
 2 Chris Tierney            Kyle Connor              John Mitchell            48     0   0  5  

PowerPlay Defense
   Defense                  Defense                                           Time % Phy DF OF 
 1 Brayden McNabb           Radko Gudas                                       54     0   0  5  
 2 Mike Matheson            John Ramage                                       46     0   0  5  

Penalty Kill 4 Players Forward 
   Center                   Wing                     Time % Phy DF OF 
 1 Josh Anderson            Nick Schmaltz            60     0   5  0  
 2 Chris Tierney            Mason Raymond            40     0   5  0  

Penalty Kill 4 Players Defense
   Defense                  Defense                  Time % Phy DF OF 
 1 Brayden McNabb           Radko Gudas              60     0   5  0  
 2 Mike Matheson            John Ramage              40     0   5  0  

Penalty Kill - 3 Players Forward 
   Forward                                           Time % Phy DF OF 
 1 Josh Anderson                                     60     1   2  2  
 2 Nick Schmaltz                                     40     1   2  2  

Penalty Kill - 3 Players Defense
   Defense                  Defense                  Time % Phy DF OF 
 1 Brayden McNabb           Radko Gudas              60     1   2  2  
 2 Mike Matheson            John Ramage              40     1   2  2  

4 vs 4 Forward 
   Center                   Wing                     Time % Phy DF OF 
 1 Josh Anderson            Nick Schmaltz            60     1   2  2  
 2 Chris Tierney            Marcus Foligno           40     1   2  2  

4 vs 4 Defense
   Defense                  Defense                  Time % Phy DF OF 
 1 Brayden McNabb           Radko Gudas              60     1   2  2  
 2 Mike Matheson            John Ramage              40     1   2  2  

Last Minutes Offensive
   Center                   Left Wing                Right Wing               Defense                  Defense                  
   Nick Schmaltz            Josh Anderson            Marcus Foligno           Brayden McNabb           Radko Gudas              

Last Minutes Defensive
   Center                   Left Wing                Right Wing               Defense                  Defense                  
   Nick Schmaltz            Josh Anderson            Marcus Foligno           Brayden McNabb           Radko Gudas              

Goaltenders
Starting : Jaroslav Halak           
Backup : Reto Berra               

Extra Forwards
Normal : Chris Thorburn, Johan Franzen, Josh Anderson - PP : Chris Thorburn, Johan Franzen - PK : Johan Franzen
Extra Defensemen
Normal : John Ramage, Christian Djoos, Mike Matheson - PP : John Ramage - PK : Christian Djoos, Mike Matheson
Penalty Shots
Josh Anderson, Nick Schmaltz, Chris Tierney, Marcus Foligno, Sven Baertschi


% Time on Ice - CAROLINA Hurricanes

Lines # - Real PCT - Wanted PCT - Time Play
Normal Forward
1 - 39% - 40% - 17:50
2 - 38% - 30% - 17:07
3 - 9% - 20% - 4:08
4 - 14% - 10% - 6:29
Normal Defense
1 - 38% - 40% - 17:12
2 - 33% - 30% - 15:04
3 - 20% - 20% - 9:14
4 - 9% - 10% - 4:04
PP Forward
1 - 38% - 60% - 2:59
2 - 62% - 40% - 4:57
PP Defense
1 - 62% - 60% - 4:53
2 - 38% - 40% - 3:03
PK Forward
1 - 78% - 60% - 5:03
2 - 22% - 40% - 1:27
PK Defense
1 - 57% - 60% - 3:42
2 - 43% - 40% - 2:48
PK3 Forward
1 - 0% - 60%
2 - 0% - 40%
PK3 Defense
1 - 0% - 60%
2 - 0% - 40%
44 Forward
1 - 68% - 60% - 3:12
2 - 32% - 40% - 1:29
44 Defense
1 - 58% - 60% - 2:43
2 - 42% - 40% - 1:58
Last Minute Offensive  - 0:00
Last Minute Defensive  - 0:00
Total
Forward - 64:41
Defense - 64:41

% Time on Ice - SAN JOSE Sharks

Lines # - Real PCT - Wanted PCT - Time Play
Normal Forward
1 - 31% - 32% - 14:20
2 - 27% - 28% - 12:25
3 - 23% - 25% - 10:40
4 - 18% - 15% - 8:09
Normal Defense
1 - 37% - 40% - 16:43
2 - 36% - 30% - 16:25
3 - 25% - 20% - 11:29
4 - 2% - 10% - 0:57
PP Forward
1 - 49% - 52% - 3:10
2 - 51% - 48% - 3:20
PP Defense
1 - 62% - 54% - 4:00
2 - 38% - 46% - 2:30
PK Forward
1 - 68% - 60% - 5:26
2 - 32% - 40% - 2:30
PK Defense
1 - 55% - 60% - 4:24
2 - 45% - 40% - 3:32
PK3 Forward
1 - 0% - 60%
2 - 0% - 40%
PK3 Defense
1 - 0% - 60%
2 - 0% - 40%
44 Forward
1 - 61% - 60% - 2:52
2 - 39% - 40% - 1:49
44 Defense
1 - 53% - 60% - 2:28
2 - 47% - 40% - 2:13
Last Minute Offensive  - 0:00
Last Minute Defensive  - 0:00
Total
Forward - 64:41
Defense - 64:41

Play by Play

1st period


0:01 of 1st period - Nick Schmaltz wins face-off versus Andreas Athanasiou in neutral zone.
0:40 of 1st period - Shot by Josh Anderson.
0:40 of 1st period - Stopped by Anders Nilsson with a rebound.
0:42 of 1st period - Shot by Nick Schmaltz.
0:42 of 1st period - Shot Blocked by Ivan Provorov.
1:11 of 1st period - Shot by Chris Tierney.
1:11 of 1st period - Stopped by Anders Nilsson without a rebound.
1:12 of 1st period - Devin Shore wins face-off versus Chris Terry in CAROLINA Hurricanes zone.
1:24 of 1st period - Off-side.
1:25 of 1st period - John Mitchell wins face-off versus Jujhar Khaira in neutral zone.
2:46 of 1st period - Icing by Jason Garrison.
2:47 of 1st period - Devin Shore wins face-off versus Jujhar Khaira in CAROLINA Hurricanes zone.
2:54 of 1st period - Shot by Mason Raymond.
2:54 of 1st period - Shot Misses the Net.
2:56 of 1st period - Shot by Brayden McNabb.
2:56 of 1st period - Shot Misses the Net.
3:27 of 1st period - Off-side.
3:28 of 1st period - Andreas Athanasiou wins face-off versus Chris Tierney in neutral zone.
3:43 of 1st period - Shot by Andreas Athanasiou.
3:43 of 1st period - Deflect By Brock McGinn.
3:43 of 1st period - Shot Misses the Net.
3:57 of 1st period - Icing by Niklas Kronwall.
3:58 of 1st period - Nick Schmaltz wins face-off versus Andreas Athanasiou in CAROLINA Hurricanes zone.
4:07 of 1st period - Shot by Kyle Connor.
4:07 of 1st period - Shot Misses the Net.
4:09 of 1st period - Shot by Radko Gudas.
4:09 of 1st period - Stopped by Anders Nilsson without a rebound.
4:10 of 1st period - Peter Holland wins face-off versus Nick Schmaltz in CAROLINA Hurricanes zone.
4:19 of 1st period - Shot by Ivan Provorov.
4:19 of 1st period - Shot Blocked by Kyle Connor.
4:26 of 1st period - Minor Penalty to Brayden McNabb for Holding.
4:27 of 1st period - Josh Anderson wins face-off versus Jujhar Khaira in SAN JOSE Sharks zone.
4:40 of 1st period - Off-side.
4:41 of 1st period - Andreas Athanasiou wins face-off versus Josh Anderson in neutral zone.
5:00 of 1st period - Shot by Ryan Pulock.
5:00 of 1st period - Stopped by Jaroslav Halak without a rebound.
5:01 of 1st period - Chris Tierney wins face-off versus Nikita Soshnikov in SAN JOSE Sharks zone.
5:10 of 1st period - Shot by Kris Russell.
5:10 of 1st period - Stopped by Jaroslav Halak without a rebound.
5:11 of 1st period - Chris Tierney wins face-off versus Jujhar Khaira in SAN JOSE Sharks zone.
5:11 of 1st period - Chris Tierney is hit by Jujhar Khaira.
5:50 of 1st period - Shot by Ivan Provorov.
5:50 of 1st period - Stopped by Jaroslav Halak without a rebound.
5:51 of 1st period - Chris Tierney wins face-off versus Andreas Athanasiou in SAN JOSE Sharks zone.
6:01 of 1st period - Icing by Toby Enstrom.
6:02 of 1st period - Andreas Athanasiou wins face-off versus Josh Anderson in CAROLINA Hurricanes zone.
6:31 of 1st period - Shot by Sven Baertschi.
6:31 of 1st period - Stopped by Anders Nilsson without a rebound.
6:32 of 1st period - Chris Tierney wins face-off versus Dave Bolland in CAROLINA Hurricanes zone.
6:46 of 1st period - Minor Penalty to Kris Russell for Tripping.
6:47 of 1st period - Chris Tierney wins face-off versus Jujhar Khaira in CAROLINA Hurricanes zone.
6:50 of 1st period - Shot by John Mitchell.
6:50 of 1st period - Shot Misses the Net.
6:52 of 1st period - Shot by Mike Matheson.
6:52 of 1st period - Shot Misses the Net.
7:39 of 1st period - Shot by Josh Anderson.
7:39 of 1st period - Shot Misses the Net.
7:41 of 1st period - Shot by Radko Gudas.
7:41 of 1st period - Stopped by Anders Nilsson without a rebound.
7:42 of 1st period - Brock McGinn wins face-off versus Marcus Foligno in CAROLINA Hurricanes zone.
8:43 of 1st period - Shot by Mike Matheson.
8:43 of 1st period - Stopped by Anders Nilsson without a rebound.
8:44 of 1st period - Jujhar Khaira wins face-off versus Chris Tierney in CAROLINA Hurricanes zone.
9:48 of 1st period - Devin Shore is hit by Brock McGinn.
10:09 of 1st period - Ivan Provorov is hit by Josh Gorges and loses puck.
10:59 of 1st period - Off-side.
11:00 of 1st period - Andreas Athanasiou wins face-off versus Nick Schmaltz in neutral zone.
11:04 of 1st period - Brock McGinn is hit by Brayden McNabb and loses puck.
11:17 of 1st period - Shot by Josh Anderson.
11:17 of 1st period - Shot Hit the Post.
11:19 of 1st period - Shot by Brayden McNabb.
11:19 of 1st period - Stopped by Anders Nilsson without a rebound.
11:20 of 1st period - Dave Bolland wins face-off versus John Mitchell in CAROLINA Hurricanes zone.
11:48 of 1st period - Shot by Chris Thorburn.
11:48 of 1st period - Shot Misses the Net.
11:50 of 1st period - Shot by Brayden McNabb.
11:50 of 1st period - Stopped by Anders Nilsson without a rebound.
11:51 of 1st period - Nick Schmaltz wins face-off versus Jujhar Khaira in CAROLINA Hurricanes zone.
11:51 of 1st period - Nick Schmaltz is hit by Toby Enstrom.
12:09 of 1st period - Shot by Josh Anderson.
12:09 of 1st period - Stopped by Anders Nilsson without a rebound.
12:10 of 1st period - Chris Tierney wins face-off versus Andreas Athanasiou in CAROLINA Hurricanes zone.
12:19 of 1st period - Shot by Sven Baertschi.
12:19 of 1st period - Shot Misses the Net.
12:40 of 1st period - Minor Penalty to Christian Djoos for Tripping.
12:41 of 1st period - Jujhar Khaira wins face-off versus Josh Anderson in SAN JOSE Sharks zone.
13:11 of 1st period - Shot by Nikita Soshnikov.
13:11 of 1st period - Stopped by Jaroslav Halak without a rebound.
13:12 of 1st period - Andreas Athanasiou wins face-off versus Chris Tierney in SAN JOSE Sharks zone.
14:26 of 1st period - Icing by Jujhar Khaira.
14:27 of 1st period - Jujhar Khaira wins face-off versus Chris Tierney in CAROLINA Hurricanes zone.
14:27 of 1st period - Jujhar Khaira is hit by Radko Gudas.
14:53 of 1st period - Minor Penalty to Joe Morrow for Roughing.
14:54 of 1st period - Jujhar Khaira wins face-off versus Chris Tierney in CAROLINA Hurricanes zone.
16:04 of 1st period - Shot by Mike Matheson.
16:04 of 1st period - Shot Misses the Net.
16:06 of 1st period - Shot by Nick Schmaltz.
16:06 of 1st period - Shot Misses the Net.
16:08 of 1st period - Shot by Marcus Foligno.
16:08 of 1st period - Stopped by Anders Nilsson with a rebound.
16:10 of 1st period - Shot by Mike Matheson.
16:10 of 1st period - Stopped by Anders Nilsson without a rebound.
16:11 of 1st period - Nick Schmaltz wins face-off versus Brock McGinn in CAROLINA Hurricanes zone.
16:14 of 1st period - Shot by Marcus Foligno.
16:14 of 1st period - Stopped by Anders Nilsson without a rebound.
16:15 of 1st period - Brock McGinn wins face-off versus Nick Schmaltz in CAROLINA Hurricanes zone.
16:35 of 1st period - Shot by Nick Schmaltz.
16:35 of 1st period - Shot Hit the Post.
16:45 of 1st period - Shot by Mike Matheson.
16:45 of 1st period - Stopped by Anders Nilsson without a rebound.
16:46 of 1st period - Jujhar Khaira wins face-off versus Chris Tierney in CAROLINA Hurricanes zone.
17:04 of 1st period - Off-side.
17:05 of 1st period - Chris Tierney wins face-off versus Peter Holland in neutral zone.
17:14 of 1st period - Shot by Chris Tierney.
17:14 of 1st period - Stopped by Anders Nilsson with a rebound.
17:16 of 1st period - Shot by Josh Gorges.
17:16 of 1st period - Stopped by Anders Nilsson without a rebound.
17:17 of 1st period - Nick Schmaltz wins face-off versus Andreas Athanasiou in CAROLINA Hurricanes zone.
17:31 of 1st period - Kyle Connor is hit by Kris Russell and loses puck.
17:40 of 1st period - Shot by Nick Schmaltz.
17:40 of 1st period - Stopped by Anders Nilsson without a rebound.
17:41 of 1st period - Jujhar Khaira wins face-off versus Lauri Korpikoski in CAROLINA Hurricanes zone.
18:38 of 1st period - Shot by Josh Anderson.
18:38 of 1st period - Shot Blocked by Kris Russell.
18:40 of 1st period - Shot by Josh Gorges.
18:40 of 1st period - Stopped by Anders Nilsson without a rebound.
18:41 of 1st period - Dave Bolland wins face-off versus Nick Schmaltz in CAROLINA Hurricanes zone.
18:43 of 1st period - Evgeny Svechnikov is hit by Josh Anderson and loses puck.
18:49 of 1st period - Minor Penalty to Josh Gorges for Diving.
18:50 of 1st period - Andreas Athanasiou wins face-off versus Josh Anderson in SAN JOSE Sharks zone.
18:51 of 1st period - Shot by Ivan Provorov.
18:51 of 1st period - Stopped by Jaroslav Halak without a rebound.
18:52 of 1st period - Josh Anderson wins face-off versus Andreas Athanasiou in SAN JOSE Sharks zone.
18:52 of 1st period - Josh Anderson is hit by Chris Terry.
19:18 of 1st period - Shot by Ivan Provorov.
19:18 of 1st period - Stopped by Jaroslav Halak with a rebound.
19:57 of 1st period - Icing by Nikita Soshnikov.
19:58 of 1st period - Josh Anderson wins face-off versus Nikita Soshnikov in CAROLINA Hurricanes zone.
19:59 of 1st period - Shot by Nick Schmaltz.
19:59 of 1st period - Shot Misses the Net.
Goals for this period are 0 for CAROLINA Hurricanes vs 0 for SAN JOSE Sharks.
Shots for this period are 6 for CAROLINA Hurricanes vs 17 for SAN JOSE Sharks.

2nd period


0:01 of 2nd period - Josh Anderson wins face-off versus Andreas Athanasiou in neutral zone.
0:27 of 2nd period - Shot by Kris Russell.
0:27 of 2nd period - Stopped by Jaroslav Halak without a rebound.
0:28 of 2nd period - Jujhar Khaira wins face-off versus Chris Tierney in SAN JOSE Sharks zone.
0:37 of 2nd period - Shot by Toby Enstrom.
0:37 of 2nd period - Shot Misses the Net.
1:12 of 2nd period - Evgeny Svechnikov is hit by Marcus Foligno and loses puck.
1:17 of 2nd period - Shot by Brock McGinn.
1:17 of 2nd period - Shot Misses the Net.
1:19 of 2nd period - Shot by Brock McGinn.
1:19 of 2nd period - Stopped by Jaroslav Halak without a rebound.
1:20 of 2nd period - Nick Schmaltz wins face-off versus Jujhar Khaira in SAN JOSE Sharks zone.
1:41 of 2nd period - Shot by Kyle Connor.
1:41 of 2nd period - Shot Misses the Net.
1:49 of 2nd period - Shot by Nick Schmaltz.
1:49 of 2nd period - Stopped by Anders Nilsson without a rebound.
1:50 of 2nd period - Chris Tierney wins face-off versus Andreas Athanasiou in CAROLINA Hurricanes zone.
2:09 of 2nd period - Shot by Sven Baertschi.
2:09 of 2nd period - Stopped by Anders Nilsson without a rebound.
2:10 of 2nd period - Devin Shore wins face-off versus Jujhar Khaira in CAROLINA Hurricanes zone.
2:20 of 2nd period - Ivan Provorov is hit by Devin Shore and loses puck.
2:30 of 2nd period - Alex Tuch is hit by Radko Gudas.
4:12 of 2nd period - Shot by Chris Tierney.
4:12 of 2nd period - Shot Misses the Net.
4:42 of 2nd period - Icing by John Mitchell.
4:43 of 2nd period - John Mitchell wins face-off versus Dave Bolland in SAN JOSE Sharks zone.
6:22 of 2nd period - Shot by Andreas Athanasiou.
6:22 of 2nd period - Shot Misses the Net.
6:24 of 2nd period - Shot by Nikita Soshnikov.
6:24 of 2nd period - Stopped by Jaroslav Halak with a rebound.
6:26 of 2nd period - Shot by Toby Enstrom.
6:26 of 2nd period - Stopped by Jaroslav Halak without a rebound.
6:27 of 2nd period - Andreas Athanasiou wins face-off versus Sven Baertschi in SAN JOSE Sharks zone.
6:36 of 2nd period - Shot by Evgeny Svechnikov.
6:36 of 2nd period - Stopped by Jaroslav Halak without a rebound.
6:37 of 2nd period - Devin Shore wins face-off versus Andreas Athanasiou in SAN JOSE Sharks zone.
6:48 of 2nd period - Shot by Brayden McNabb.
6:48 of 2nd period - Stopped by Anders Nilsson without a rebound.
6:49 of 2nd period - Peter Holland wins face-off versus Chris Tierney in CAROLINA Hurricanes zone.
6:49 of 2nd period - Peter Holland is hit by Johan Franzen.
6:59 of 2nd period - Shot by Chris Terry.
6:59 of 2nd period - Stopped by Jaroslav Halak without a rebound.
7:00 of 2nd period - Andreas Athanasiou wins face-off versus Nick Schmaltz in SAN JOSE Sharks zone.
7:15 of 2nd period - Off-side.
7:16 of 2nd period - Chris Tierney wins face-off versus Jujhar Khaira in neutral zone.
7:38 of 2nd period - Jujhar Khaira is hit by Radko Gudas and loses puck.
8:34 of 2nd period - Shot by Andreas Athanasiou.
8:34 of 2nd period - Deflect By Brock McGinn.
8:34 of 2nd period - Shot Blocked by Mike Matheson.
8:59 of 2nd period - Shot by Kyle Connor.
8:59 of 2nd period - Stopped by Anders Nilsson without a rebound.
8:59 of 2nd period - Minor Penalty to Ivan Provorov for Charging.
9:00 of 2nd period - Jujhar Khaira wins face-off versus Nick Schmaltz in CAROLINA Hurricanes zone.
10:03 of 2nd period - Shot by Brayden McNabb.
10:03 of 2nd period - Stopped by Anders Nilsson without a rebound.
10:04 of 2nd period - Jujhar Khaira wins face-off versus Chris Tierney in CAROLINA Hurricanes zone.
10:27 of 2nd period - Shot by Radko Gudas.
10:27 of 2nd period - Shot Blocked by Niklas Kronwall.
11:03 of 2nd period - Shot by Nikita Soshnikov.
11:03 of 2nd period - Goal by Nikita Soshnikov - CAROLINA Hurricanes : 1 - SAN JOSE Sharks : 0.
11:04 of 2nd period - Andreas Athanasiou wins face-off versus Devin Shore in neutral zone.
11:06 of 2nd period - Joe Morrow is hit by Mike Matheson and loses puck.
11:22 of 2nd period - Shot by Joe Morrow.
11:22 of 2nd period - Shot Blocked by Christian Djoos.
11:40 of 2nd period - Brock McGinn is hit by Mason Raymond and loses puck.
12:14 of 2nd period - Toby Enstrom is hit by John Ramage and loses puck.
12:32 of 2nd period - Icing by Brayden McNabb.
12:33 of 2nd period - Nick Schmaltz wins face-off versus Dave Bolland in SAN JOSE Sharks zone.
12:50 of 2nd period - Peter Holland is hit by John Ramage.
13:04 of 2nd period - Shot by Kris Russell.
13:04 of 2nd period - Stopped by Jaroslav Halak without a rebound.
13:05 of 2nd period - Andreas Athanasiou wins face-off versus Johan Franzen in SAN JOSE Sharks zone.
13:22 of 2nd period - Shot by Andreas Athanasiou.
13:22 of 2nd period - Shot Misses the Net.
13:32 of 2nd period - Shot by Brock McGinn.
13:32 of 2nd period - Stopped by Jaroslav Halak without a rebound.
13:33 of 2nd period - John Mitchell wins face-off versus Jujhar Khaira in SAN JOSE Sharks zone.
13:51 of 2nd period - Minor Penalty to Toby Enstrom for Roughing.
13:52 of 2nd period - Nick Schmaltz wins face-off versus Jujhar Khaira in CAROLINA Hurricanes zone.
14:22 of 2nd period - Shot by Brayden McNabb.
14:22 of 2nd period - Shot Misses the Net.
14:24 of 2nd period - Shot by Radko Gudas.
14:24 of 2nd period - Goal by Radko Gudas - CAROLINA Hurricanes : 1 - SAN JOSE Sharks : 1.
14:25 of 2nd period - Chris Tierney wins face-off versus Andreas Athanasiou in neutral zone.
14:25 of 2nd period - Sven Baertschi is hit by Evgeny Svechnikov and loses puck.
14:44 of 2nd period - Shot by Andreas Athanasiou.
14:44 of 2nd period - Shot Misses the Net.
14:48 of 2nd period - Shot by Andreas Athanasiou.
14:48 of 2nd period - Shot Misses the Net.
14:52 of 2nd period - Shot by Toby Enstrom.
14:52 of 2nd period - Shot Misses the Net.
14:54 of 2nd period - Shot by Toby Enstrom.
14:54 of 2nd period - Shot Misses the Net.
14:56 of 2nd period - Shot by Andreas Athanasiou.
14:56 of 2nd period - Stopped by Jaroslav Halak without a rebound.
14:57 of 2nd period - Nick Schmaltz wins face-off versus Peter Holland in SAN JOSE Sharks zone.
15:12 of 2nd period - Shot by Josh Anderson.
15:12 of 2nd period - Shot Misses the Net.
15:15 of 2nd period - Icing by Kris Russell.
15:16 of 2nd period - Devin Shore wins face-off versus Peter Holland in CAROLINA Hurricanes zone.
15:23 of 2nd period - Shot by Devin Shore.
15:23 of 2nd period - Shot Misses the Net.
15:25 of 2nd period - Shot by Lauri Korpikoski.
15:25 of 2nd period - Shot Blocked by Ivan Provorov.
15:27 of 2nd period - Shot by Brayden McNabb.
15:27 of 2nd period - Deflect By Mason Raymond.
15:27 of 2nd period - Shot Blocked by Kris Russell.
15:29 of 2nd period - Shot by Lauri Korpikoski.
15:29 of 2nd period - Goal by Lauri Korpikoski - CAROLINA Hurricanes : 1 - SAN JOSE Sharks : 2.
15:30 of 2nd period - Nick Schmaltz wins face-off versus Jujhar Khaira in neutral zone.
15:50 of 2nd period - Shot by Jujhar Khaira.
15:50 of 2nd period - Shot Blocked by Radko Gudas.
16:13 of 2nd period - Icing by Radko Gudas.
16:14 of 2nd period - Nick Schmaltz wins face-off versus Andreas Athanasiou in SAN JOSE Sharks zone.
16:36 of 2nd period - Icing by Mike Matheson.
16:37 of 2nd period - Chris Tierney wins face-off versus Dave Bolland in SAN JOSE Sharks zone.
16:39 of 2nd period - Icing by Sven Baertschi.
16:40 of 2nd period - Jujhar Khaira wins face-off versus Johan Franzen in SAN JOSE Sharks zone.
17:08 of 2nd period - Shot by Sven Baertschi.
17:08 of 2nd period - Shot Misses the Net.
17:10 of 2nd period - Shot by Chris Tierney.
17:10 of 2nd period - Goal by Chris Tierney - CAROLINA Hurricanes : 1 - SAN JOSE Sharks : 3.
17:11 of 2nd period - Josh Anderson wins face-off versus Andreas Athanasiou in neutral zone.
17:11 of 2nd period - Nick Schmaltz is hit by Evgeny Svechnikov.
17:16 of 2nd period - Icing by Andreas Athanasiou.
17:17 of 2nd period - Nick Schmaltz wins face-off versus Andreas Athanasiou in CAROLINA Hurricanes zone.
17:23 of 2nd period - Nick Schmaltz is hit by Ivan Provorov and loses puck.
18:15 of 2nd period - Icing by Radko Gudas.
18:16 of 2nd period - Jujhar Khaira wins face-off versus Nick Schmaltz in SAN JOSE Sharks zone.
18:32 of 2nd period - Icing by Josh Gorges.
18:33 of 2nd period - Dave Bolland wins face-off versus Nick Schmaltz in SAN JOSE Sharks zone.
19:19 of 2nd period - Icing by Kris Russell.
19:20 of 2nd period - Jujhar Khaira wins face-off versus Chris Tierney in CAROLINA Hurricanes zone.
19:52 of 2nd period - Shot by Sven Baertschi.
19:52 of 2nd period - Shot Blocked by Ivan Provorov.
19:54 of 2nd period - Shot by Chris Tierney.
19:54 of 2nd period - Shot Misses the Net.
19:56 of 2nd period - Shot by Chris Tierney.
19:56 of 2nd period - Shot Blocked by Jujhar Khaira.
19:58 of 2nd period - Shot by Sven Baertschi.
19:58 of 2nd period - Shot Misses the Net.
Goals for this period are 1 for CAROLINA Hurricanes vs 3 for SAN JOSE Sharks.
Shots for this period are 10 for CAROLINA Hurricanes vs 8 for SAN JOSE Sharks.

3rd period


0:01 of 3rd period - Chris Terry wins face-off versus Mason Raymond in neutral zone.
0:03 of 3rd period - Ivan Provorov is hit by Radko Gudas and loses puck.
0:35 of 3rd period - Icing by Josh Gorges.
0:36 of 3rd period - Andreas Athanasiou wins face-off versus Devin Shore in SAN JOSE Sharks zone.
0:36 of 3rd period - Toby Enstrom is hit by Radko Gudas and loses puck.
1:23 of 3rd period - Shot by Nick Schmaltz.
1:23 of 3rd period - Shot Misses the Net.
2:27 of 3rd period - Shot by Chris Terry.
2:27 of 3rd period - Deflect By Alex Tuch.
2:27 of 3rd period - Stopped by Jaroslav Halak without a rebound.
2:28 of 3rd period - Jujhar Khaira wins face-off versus John Mitchell in SAN JOSE Sharks zone.
2:32 of 3rd period - Icing by Josh Gorges.
2:33 of 3rd period - John Mitchell wins face-off versus Jujhar Khaira in SAN JOSE Sharks zone.
2:37 of 3rd period - Radko Gudas is hit by Mark Stuart and loses puck.
2:58 of 3rd period - Icing by Josh Gorges.
2:59 of 3rd period - John Mitchell wins face-off versus Dave Bolland in SAN JOSE Sharks zone.
3:01 of 3rd period - Icing by Marcus Foligno.
3:02 of 3rd period - John Mitchell wins face-off versus Andreas Athanasiou in SAN JOSE Sharks zone.
3:08 of 3rd period - Josh Gorges is hit by Ivan Provorov and loses puck.
4:40 of 3rd period - Dave Bolland is hit by Mason Raymond and loses puck.
5:24 of 3rd period - Shot by Kyle Connor.
5:24 of 3rd period - Shot Blocked by Christian Ehrhoff.
5:44 of 3rd period - Shot by Chris Terry.
5:44 of 3rd period - Deflect By Alex Tuch.
5:44 of 3rd period - Shot Misses the Net.
6:06 of 3rd period - Kris Russell is hit by Brayden McNabb and loses puck.
6:31 of 3rd period - Off-side.
6:32 of 3rd period - John Mitchell wins face-off versus Dave Bolland in neutral zone.
6:35 of 3rd period - Shot by Josh Gorges.
6:35 of 3rd period - Stopped by Anders Nilsson without a rebound.
6:36 of 3rd period - Dave Bolland wins face-off versus Chris Tierney in CAROLINA Hurricanes zone.
6:44 of 3rd period - Brock McGinn is hit by Radko Gudas and loses puck.
6:51 of 3rd period - Shot by Chris Tierney.
6:51 of 3rd period - Stopped by Anders Nilsson without a rebound.
6:52 of 3rd period - John Mitchell wins face-off versus Jujhar Khaira in CAROLINA Hurricanes zone.
7:41 of 3rd period - Shot by Andreas Athanasiou.
7:41 of 3rd period - Stopped by Jaroslav Halak without a rebound.
7:42 of 3rd period - Dave Bolland wins face-off versus Chris Tierney in SAN JOSE Sharks zone.
7:53 of 3rd period - Shot by Brock McGinn.
7:53 of 3rd period - Shot Misses the Net.
8:01 of 3rd period - Shot by Chris Tierney.
8:01 of 3rd period - Stopped by Anders Nilsson with a rebound.
8:09 of 3rd period - Icing by Christian Djoos.
8:10 of 3rd period - Jujhar Khaira wins face-off versus Sven Baertschi in SAN JOSE Sharks zone.
8:19 of 3rd period - Shot by Jujhar Khaira.
8:19 of 3rd period - Goal by Jujhar Khaira - CAROLINA Hurricanes : 2 - SAN JOSE Sharks : 3.
8:20 of 3rd period - Nick Schmaltz wins face-off versus Peter Holland in neutral zone.
8:20 of 3rd period - Josh Anderson is hit by Evgeny Svechnikov and loses puck.
8:59 of 3rd period - Icing by Kyle Connor.
9:00 of 3rd period - Nick Schmaltz wins face-off versus Jujhar Khaira in SAN JOSE Sharks zone.
9:00 of 3rd period - Nick Schmaltz is hit by Dave Bolland.
9:12 of 3rd period - Shot by Alex Tuch.
9:12 of 3rd period - Shot Misses the Net.
9:14 of 3rd period - Shot by Niklas Kronwall.
9:14 of 3rd period - Stopped by Jaroslav Halak without a rebound.
9:15 of 3rd period - Mason Raymond wins face-off versus Andreas Athanasiou in SAN JOSE Sharks zone.
9:15 of 3rd period - Mason Raymond is hit by Evgeny Svechnikov.
10:26 of 3rd period - Shot by Jujhar Khaira.
10:26 of 3rd period - Shot Misses the Net.
10:34 of 3rd period - Shot by Chris Terry.
10:34 of 3rd period - Shot Misses the Net.
11:01 of 3rd period - Shot by Josh Anderson.
11:01 of 3rd period - Shot Misses the Net.
11:13 of 3rd period - Shot by Brock McGinn.
11:13 of 3rd period - Deflect By Dave Bolland.
11:13 of 3rd period - Goal by Dave Bolland - CAROLINA Hurricanes : 3 - SAN JOSE Sharks : 3.
11:14 of 3rd period - Marcus Foligno wins face-off versus Jujhar Khaira in neutral zone.
11:37 of 3rd period - Shot by John Mitchell.
11:37 of 3rd period - Stopped by Anders Nilsson without a rebound.
11:38 of 3rd period - Andreas Athanasiou wins face-off versus Devin Shore in CAROLINA Hurricanes zone.
11:38 of 3rd period - Andreas Athanasiou is hit by Lauri Korpikoski.
11:48 of 3rd period - Shot by Devin Shore.
11:48 of 3rd period - Shot Misses the Net.
11:50 of 3rd period - Shot by Radko Gudas.
11:50 of 3rd period - Shot Misses the Net.
13:19 of 3rd period - Shot by Brayden McNabb.
13:19 of 3rd period - Stopped by Anders Nilsson with a rebound.
13:31 of 3rd period - Shot by Brayden McNabb.
13:31 of 3rd period - Stopped by Anders Nilsson without a rebound.
13:32 of 3rd period - John Mitchell wins face-off versus Peter Holland in CAROLINA Hurricanes zone.
13:34 of 3rd period - Minor Penalty to Marcus Foligno for Holding.
13:35 of 3rd period - Nikita Soshnikov wins face-off versus Josh Anderson in SAN JOSE Sharks zone.
13:54 of 3rd period - Shot by Ivan Provorov.
13:54 of 3rd period - Shot Misses the Net.
14:01 of 3rd period - Icing by Ivan Provorov.
14:02 of 3rd period - Josh Anderson wins face-off versus Jujhar Khaira in CAROLINA Hurricanes zone.
14:36 of 3rd period - Icing by Mark Stuart.
14:37 of 3rd period - Peter Holland wins face-off versus Josh Anderson in CAROLINA Hurricanes zone.
14:54 of 3rd period - Shot by Ryan Pulock.
14:54 of 3rd period - Shot Misses the Net.
14:56 of 3rd period - Shot by Ryan Pulock.
14:56 of 3rd period - Stopped by Jaroslav Halak without a rebound.
14:57 of 3rd period - Jujhar Khaira wins face-off versus Chris Tierney in SAN JOSE Sharks zone.
15:18 of 3rd period - Shot by Kris Russell.
15:18 of 3rd period - Stopped by Jaroslav Halak without a rebound.
15:19 of 3rd period - Josh Anderson wins face-off versus Andreas Athanasiou in SAN JOSE Sharks zone.
15:40 of 3rd period - Shot by Evgeny Svechnikov.
15:40 of 3rd period - Shot Hit the Post.
15:57 of 3rd period - Icing by Mike Matheson.
15:58 of 3rd period - John Mitchell wins face-off versus Andreas Athanasiou in SAN JOSE Sharks zone.
16:02 of 3rd period - Icing by Mike Matheson.
16:03 of 3rd period - Jujhar Khaira wins face-off versus John Mitchell in SAN JOSE Sharks zone.
16:27 of 3rd period - Icing by Christian Djoos.
16:28 of 3rd period - John Mitchell wins face-off versus Andreas Athanasiou in SAN JOSE Sharks zone.
17:31 of 3rd period - Shot by Chris Tierney.
17:31 of 3rd period - Stopped by Anders Nilsson without a rebound.
17:32 of 3rd period - Devin Shore wins face-off versus Jujhar Khaira in CAROLINA Hurricanes zone.
17:55 of 3rd period - Shot by Devin Shore.
17:55 of 3rd period - Stopped by Anders Nilsson without a rebound.
17:56 of 3rd period - Andreas Athanasiou wins face-off versus Nick Schmaltz in CAROLINA Hurricanes zone.
18:11 of 3rd period - Shot by Ivan Provorov.
18:11 of 3rd period - Shot Blocked by Radko Gudas.
18:51 of 3rd period - Alex Tuch is hit by Brayden McNabb and loses puck.
18:57 of 3rd period - Chris Terry is hit by Brayden McNabb and loses puck.
19:11 of 3rd period - Off-side.
19:12 of 3rd period - Andreas Athanasiou wins face-off versus Devin Shore in neutral zone.
19:15 of 3rd period - Lauri Korpikoski is hit by Evgeny Svechnikov and loses puck.
19:28 of 3rd period - Shot by Andreas Athanasiou.
19:28 of 3rd period - Stopped by Jaroslav Halak without a rebound.
19:29 of 3rd period - Peter Holland wins face-off versus John Mitchell in SAN JOSE Sharks zone.
19:32 of 3rd period - Shot by Jujhar Khaira.
19:32 of 3rd period - Shot Misses the Net.
19:34 of 3rd period - Shot by Alex Tuch.
19:34 of 3rd period - Stopped by Jaroslav Halak without a rebound.
19:35 of 3rd period - Johan Franzen wins face-off versus Jujhar Khaira in SAN JOSE Sharks zone.
19:44 of 3rd period - Shot by Chris Tierney.
19:44 of 3rd period - Stopped by Anders Nilsson without a rebound.
19:45 of 3rd period - Andreas Athanasiou wins face-off versus Devin Shore in CAROLINA Hurricanes zone.
19:45 of 3rd period - Andreas Athanasiou is hit by Lauri Korpikoski.
19:59 of 3rd period - Shot by Brock McGinn.
19:59 of 3rd period - Stopped by Jaroslav Halak with a rebound.
Goals for this period are 2 for CAROLINA Hurricanes vs 0 for SAN JOSE Sharks.
Shots for this period are 10 for CAROLINA Hurricanes vs 9 for SAN JOSE Sharks.

Overtime #1


0:01 of 1st overtime period - Andreas Athanasiou wins face-off versus Josh Anderson in neutral zone.
0:33 of 1st overtime period - Shot by Brock McGinn.
0:33 of 1st overtime period - Stopped by Jaroslav Halak without a rebound.
0:34 of 1st overtime period - Andreas Athanasiou wins face-off versus Josh Anderson in SAN JOSE Sharks zone.
0:57 of 1st overtime period - Off-side.
0:58 of 1st overtime period - Dave Bolland wins face-off versus Josh Anderson in neutral zone.
1:10 of 1st overtime period - Off-side.
1:11 of 1st overtime period - Chris Tierney wins face-off versus Andreas Athanasiou in neutral zone.
2:26 of 1st overtime period - Shot by Jujhar Khaira.
2:26 of 1st overtime period - Stopped by Jaroslav Halak without a rebound.
2:27 of 1st overtime period - Andreas Athanasiou wins face-off versus Josh Anderson in SAN JOSE Sharks zone.
2:40 of 1st overtime period - Shot by Peter Holland.
2:40 of 1st overtime period - Stopped by Jaroslav Halak without a rebound.
2:41 of 1st overtime period - Peter Holland wins face-off versus Josh Anderson in SAN JOSE Sharks zone.
2:42 of 1st overtime period - Shot by Brock McGinn.
2:42 of 1st overtime period - Stopped by Jaroslav Halak without a rebound.
2:43 of 1st overtime period - Andreas Athanasiou wins face-off versus Josh Anderson in SAN JOSE Sharks zone.
3:43 of 1st overtime period - Icing by Brayden McNabb.
3:44 of 1st overtime period - Dave Bolland wins face-off versus Josh Anderson in SAN JOSE Sharks zone.
3:47 of 1st overtime period - Shot by Jujhar Khaira.
3:47 of 1st overtime period - Stopped by Jaroslav Halak without a rebound.
3:48 of 1st overtime period - Chris Tierney wins face-off versus Dave Bolland in SAN JOSE Sharks zone.
3:57 of 1st overtime period - Shot by Marcus Foligno.
3:57 of 1st overtime period - Shot Misses the Net.
4:05 of 1st overtime period - Chris Tierney is hit by Jujhar Khaira and loses puck.
4:20 of 1st overtime period - Shot by Dave Bolland.
4:20 of 1st overtime period - Stopped by Jaroslav Halak without a rebound.
4:21 of 1st overtime period - Josh Anderson wins face-off versus Peter Holland in SAN JOSE Sharks zone.
4:36 of 1st overtime period - Shot by Josh Anderson.
4:36 of 1st overtime period - Deflect By Nick Schmaltz.
4:36 of 1st overtime period - Shot Misses the Net.
4:38 of 1st overtime period - Shot by Josh Anderson.
4:38 of 1st overtime period - Shot Blocked by Niklas Kronwall.
4:40 of 1st overtime period - Shot by Nick Schmaltz.
4:40 of 1st overtime period - Goal by Nick Schmaltz - CAROLINA Hurricanes : 3 - SAN JOSE Sharks : 4.
Goals for this period are 0 for CAROLINA Hurricanes vs 1 for SAN JOSE Sharks.
Shots for this period are 6 for CAROLINA Hurricanes vs 1 for SAN JOSE Sharks.